 Dungeon Crawl Stone Soup version 0.28.0-62-gf88900778d (webtiles) character file.

Game seed: 6750264744545864698

3512 cbfl8 the Cleaver (level 9, -5/106 HPs)
             Began as a Demonspawn Berserker on Sept 6, 2023.
             Was an Elder of Trog.
             Slain by an orc warlord
             ... wielding a +2 long sword of electrocution
              (20 damage)
             ... in a bailey.
             The game lasted 00:08:31 (9826 turns).

cbfl8 the Cleaver (Demonspawn Berserker)            Turns: 9826, Time: 00:08:32

Health: -5/106     AC: 20    Str: 18    XL:     9   Next: 81%
Magic:  9/9        EV: 10    Int:  9    God:    Trog [****..]
Gold:   298        SH:  0    Dex: 16    Spells: 8/8 levels left

rFire   + . .      SeeInvis .   w - +3 broad axe (flame)
rCold   . . .      Faith    .   (no shield)
rNeg    . . .      Spirit   .   j - +1 chain mail {rF+}
rPois   .          Reflect  .   v - +2 hat
rElec   .          Harm     .   c - +2 cloak
rCorr   +          Rampage  .   (no gloves)
Will    .....                   (no boots)
Stlth   ..........              (no amulet)
HPRegen 0.27/turn               b - +4 ring of protection
MPRegen 0.11/turn               o - ring of resist corrosion

@: berserking, very quick
A: powered by pain 1, sturdy frame 2, weakness stinger 1
a: Renounce Religion, Berserk, Trog's Hand, Brothers in Arms


You were in a bailey.
You worshipped Trog.
Trog was greatly pleased with you.
You visited 1 branch of the dungeon, and saw 7 of its levels.
You also visited: Ossuary and Bailey.

You collected 298 gold pieces.

Inventory:

Hand Weapons
 a - a +0 hand axe of flaming
 w - a +3 broad axe of flaming (weapon)
Missiles
 q - 2 throwing nets (quivered)
Armour
 c - a +2 cloak (worn)
 j - a +1 chain mail of fire resistance (worn)
 v - a +2 hat (worn)
Jewellery
 b - a +4 ring of protection (left hand)
 k - a ring of ice
 o - a ring of resist corrosion (right hand)
Scrolls
 h - 3 scrolls of teleportation
 m - 2 scrolls of amnesia {unknown}
 n - a scroll of enchant armour
 p - 4 scrolls of fear {unknown}
 s - a scroll of blinking
 t - a scroll of fog
 u - a scroll of vulnerability {unknown}
 x - 3 scrolls of summoning {unknown}
Potions
 d - 8 potions of curing
 e - a potion of haste
 f - 2 potions of magic {unknown}
 g - 4 potions of heal wounds
 i - 2 potions of resistance {unknown}
 l - 3 potions of lignification {unknown}
 r - 2 potions of cancellation {unknown}
 z - 2 potions of experience {unknown}


   Skills:
 + Level 6.4 Fighting
 + Level 9.3 Axes
 + Level 5.6 Armour
 - Level 1.7 Dodging
 * Level 6.0 Evocations


You had 8 spell levels left.
You didn't know any spells.
Your spell library was empty.

Dungeon Overview and Level Annotations

Branches:
Dungeon (7/15)             Temple (0/1) D:5         Ossuary (visited)
 Bailey (1/1)

Altars:
Hepliaklqana
Qazlal
Ru
Yredelemnul
The Shining One

Shops:
D:6 *


Innate Abilities, Weirdness & Mutations

You sometimes gain a little power by taking damage.
Your movements are less encumbered by armour. (ER -4)
You have a small tail.


Message History

You feel the power of Trog in you as your rage grows.
You kill the orc!
Trog accepts your kill.
You barely miss the orc warrior.
The orc warlord hits you but does no damage.
You hit the orc warlord. You tail-slap the orc warlord.
The orc warlord is moderately wounded.
You slash the orc warrior! You burn the orc warrior.
The orc warrior completely misses you.
The orc warlord hits you but does no damage.
Unknown command.
You barely miss the orc warrior.
The orc warrior is severely wounded.
You slash the orc warlord! You burn the orc warlord.
The orc warrior barely misses you.
The orc warlord hits you with a +2 long sword of electrocution!!
Unknown command.
You are too injured to fight recklessly!
You closely miss the orc warlord.
The orc warlord is heavily wounded.
You closely miss the orc warrior.
The orc warrior hits you with a +0 war axe!
Unknown command.
You slash the orc warlord! You burn the orc warlord.
The orc warlord is heavily wounded.
You hit the orc warrior. You burn the orc warrior.
The orc warlord closely misses you.
The orc warrior hits you but does no damage.
You barely miss the orc warlord.
The orc warlord is heavily wounded.
You slash the orc warrior! You burn the orc warrior.
You kill the orc warrior!
Trog accepts your kill.
You slice the orc warrior!! You burn the orc warrior!
You kill the orc warrior!
Trog accepts your kill.
The orc warlord hits you with a +2 long sword of electrocution!!
* * * LOW HITPOINT WARNING * * *
You are electrocuted!!
You die...

......# .....g#8oo........#
......# ..... #8..........#
.....### .... ###.........##
...###.###
...###.###))...###
.#'#.....###.###.....#'#.###
##.).......###.........###
#..)........#...........#
#)))........#.)..o......#
#.....⌠.....#.))@)⌠.....#
#...........))).........#
#...........#...........#
##.........###.........##
###.....### ###.....###
###.### ###.### ### ###


You could see an orc warlord.

Vanquished Creatures
  Maggie (D:6)
  A shadow (D:6)
  13 orc warriors
  An ice beast (D:5)
  A black bear (D:4)
  A sky beast (D:5)
  A necrophage (D:6)
  5 centaurs
  A phantom (D:6)
  A kobold brigand (D:5)
  2 scorpions
  2 howler monkeys
  3 hounds
  2 jellies (D:6)
  Crazy Yiuf (D:2)
  A centaur skeleton (D:5)
  2 gnoll shamans
  2 orc priests (D:5)
  2 iguanas
  7 orc wizards
  2 hound skeletons (D:5)
  3 mummies (Ossuary)
  11 gnolls
  5 adders
  A white imp (D:6)
  2 adder skeletons (D:4)
  2 adder zombies (Ossuary)
  2 worms (D:2)
  5 dart slugs
  23 orcs
  11 endoplasms
  4 giant cockroaches
  A gnoll zombie (Ossuary)
  21 goblins
  7 hobgoblins
  15 kobolds
  5 quokkas
  6 ball pythons
  3 bats
  2 frilled lizards (D:1)
  5 goblin zombies
  3 hobgoblin zombies (Ossuary)
  2 kobold zombies (Ossuary)
  A quokka skeleton (D:4)
  4 quokka zombies (Ossuary)
  6 rats
  3 rat zombies
205 creatures vanquished.

Vanquished Creatures (collateral kills)
  A goblin (Bailey)
1 creature vanquished.

Grand Total: 206 creatures vanquished

Notes
Turn   | Place    | Note
-------+----------+-------------------------------------------
     0 | D:1      | cbfl8 the Demonspawn Berserker began the quest for the Orb.
     0 | D:1      | Reached XP level 1. HP: 18/18 MP: 1/1
   199 | D:1      | Gained mutation: Your movements are slightly less
                  | encumbered by armour. (ER -2) [demonic ancestry]
   199 | D:1      | Reached XP level 2. HP: 14/24 MP: 2/2
   553 | D:1      | Found a faded altar of an unknown god.
   558 | D:1      | Reached skill level 3 in Axes
   877 | D:1      | Gained mutation: You sometimes gain a little power by
                  | taking damage. [demonic ancestry]
   877 | D:1      | Reached XP level 3. HP: 8/29 MP: 3/3
  1912 | D:2      | Found a runed translucent door.
  1913 | D:2      | Noticed Crazy Yiuf
  2071 | D:2      | Reached skill level 1 in Evocations
  2494 | D:2      | Reached ** piety under Trog
  2871 | D:2      | Gained mutation: Your movements are less encumbered by
                  | armour. (ER -4) [demonic ancestry]
  2871 | D:2      | Reached XP level 4. HP: 32/37 MP: 4/4
  3554 | D:2      | Killed Crazy Yiuf
  4257 | D:3      | Reached skill level 4 in Axes
  4257 | D:3      | Reached XP level 5. HP: 38/42 MP: 5/5
  5010 | D:4      | Noticed a black bear
  5036 | D:4      | Killed a black bear
  5037 | D:4      | Reached XP level 6. HP: 38/49 MP: 6/6
  5237 | D:4      | Reached *** piety under Trog
  5661 | D:5      | Entered Level 5 of the Dungeon
  5674 | D:5      | Reached skill level 5 in Axes
  5684 | D:5      | Reached XP level 7. HP: 41/55 MP: 7/7
  5835 | D:5      | Reached skill level 5 in Fighting
  5849 | D:5      | Reached skill level 6 in Axes
  5931 | D:5      | Found a sand-covered staircase.
  5939 | Ossuary  | Entered an ossuary
  6126 | Ossuary  | Reached **** piety under Trog
  6335 | D:5      | Gained mutation: You have a small tail. [demonic ancestry]
  6335 | D:5      | Reached XP level 8. HP: 41/62 MP: 8/8
  6582 | D:5      | Found a stormy altar of Qazlal.
  6663 | D:5      | Found a staircase to the Ecumenical Temple.
  7145 | D:6      | Noticed Maggie
  7156 | D:6      | Killed Maggie
  7157 | D:6      | Reached skill level 7 in Axes
  7859 | D:6      | Found Rumpiurr's Fire Supplies.
  7947 | D:6      | Reached XP level 9. HP: 69/69 MP: 9/9
  7955 | D:6      | Found a hazy altar of Hepliaklqana.
  7991 | D:6      | Reached skill level 5 in Evocations
  8000 | D:6      | Reached skill level 8 in Axes
  8163 | D:6      | Reached skill level 5 in Armour
  8507 | D:6      | Found a sacrificial altar of Ru.
  8509 | D:6      | Found a basalt altar of Yredelemnul.
  8587 | D:7      | Found a flagged portal.
  8602 | Bailey   | Entered a bailey
  9065 | Bailey   | Reached skill level 9 in Axes
  9732 | Bailey   | Noticed an orc knight
  9732 | Bailey   | Noticed an orc warlord
  9826 | Bailey   | Slain by an orc warlord

Illustrated notes

Levels and vault maps discovered:
D:1:      minmay_arrival_four_houses, layout_basic, ebering_ecumenical_altar_box
D:2:      kennysheep_big_flooded_room, layout_loops_ring,
          corexii_leaking_fountain, uniq_crazy_yiuf_cottage
D:3:      layout_basic
D:4:      nicolae_cairo_tiling_large, layout_basic,
          mainiacjoe_overflow_concentric_impassable, kennysheep_generic_room_8
D:5:      layout_cave_pods, nicolae_qazlal_eye_of_the_storm,
          minmay_temple_entry_nine_rooms, enter_ossuary_4
D:6:      layout_loops_ring, general_overflow_altar, minitemple,
          chequers_arboretum, nicolae_shop_fire_sale [nicolae_sub_dead_trees],
          hangedman_abyss_or_decor_stagger, nrook_mini_backslash, st_stairs_5,
          uniq_maggie
D:7:      layout_basic, nicolae_vehumet_radiance, enter_bailey_3,
          minmay_misc_feat_nine_boxes, kennysheep_generic_room_2
Bailey:   bailey_axe_minmay_hex_keep, bailey

Skill      XL: |  1  2  3  4  5  6  7  8  9 |
---------------+----------------------------+-----
Axes           | 3 4 5 6 7 9 |  9.3
Armour         | 2 3 4 5 |  5.6
Evocations     | 1 2 3 4 6 |  6.0
Fighting       | 4 5 6 |  6.4
Dodging        | |  1.7

Action                   |  1- 3 |  4- 6 |  7- 9 || total
-------------------------+-------+-------+-------++-------
Melee: Hand axe          |   147 |   169 |   175 ||   491
       Punch             |     5 |     1 |    10 ||    16
       Broad axe         |       |       |   133 ||   133
       Tailslap          |       |       |    31 ||    31
Invok: Berserk           |     1 |     3 |     6 ||    10
       Trog's Hand       |       |     1 |     2 ||     3
       Brothers in Arms  |       |       |     1 ||     1
  Use: Scroll            |     5 |     3 |     6 ||    14
Armor: Animal skin       |    20 |     5 |       ||    25
       Chain mail        |       |   119 |   205 ||   324
       Ring mail         |       |     2 |       ||     2
Dodge: Dodged            |    97 |    92 |   184 ||   373
